 Dungeon Crawl Stone Soup version 0.18.1-47-g9310371 (webtiles) character file.

144 Legadrian the Sneak (level 5, -4/26 HPs)
             Began as a Vine Stalker Assassin on June 22, 2016.
             Was an Initiate of Fedhas.
             Slain by Menkaure (15 damage)
             ... on level 4 of the Dungeon.
             The game lasted 00:35:51 (3082 turns).

Legadrian the Sneak (Vine Stalker Assassin)         Turns: 3082, Time: 00:35:52

Health: -4/26      AC:  3    Str: 13    XL:     5   Next: 27%
Magic:  0/6        EV: 12    Int: 11    God:    Fedhas [......]
Gold:   129        SH:  0    Dex: 17    Spells: 0 memorised, 4 levels left

rFire  + . .     SeeInvis .     a - +2 dagger
rCold  . . .     Gourm    .     c - +0 robe
rNeg   . . .     Faith    .     (no shield)
rPois  .         Spirit   +     (no helmet)
rElec  .         Dismiss  .     d - +0 cloak
rCorr  .         Reflect  .     (no gloves)
SustAt .         Harm     .     (no boots)
MR     .....                    (no amulet)
Stlth  ++++......               (no ring)
                                D - ring of protection from fire

@: not resistant to hostile enchantments, stealthy
A: fangs 2, regeneration 1, magic shield, antimagic bite, no device heal 3, rot
immunity
a: Renounce Religion


You were on level 4 of the Dungeon.
You worshipped Fedhas.
Fedhas was noncommittal.
You were not hungry.

You visited 1 branch of the dungeon, and saw 4 of its levels.

You collected 129 gold pieces.

Inventory:

Hand Weapons
 a - a +2 dagger (weapon)
 b - a +0 blowgun
 x - a +0 trident
 y - a +0 hunting sling
Missiles
 e - 6 poisoned needles
 f - 2 curare-tipped needles
 m - 19 bolts
 n - 88 stones (quivered)
 r - 52 arrows
 w - 34 sling bullets
Armour
 c - a +0 robe (worn)
 d - a +0 cloak (worn)
 g - a cursed +0 plate armour
Jewellery
 D - a ring of protection from fire (left hand)
Scrolls
 i - a scroll of amnesia {unknown}
 j - a scroll of blinking
 k - 2 scrolls of identify {unknown}
 l - a scroll of immolation {unknown}
 o - a scroll of magic mapping {unknown}
 p - 3 scrolls of remove curse {unknown}
 s - a scroll of fear {unknown}
 t - a scroll of enchant armour {unknown}
 v - a scroll of teleportation {unknown}
Potions
 h - 2 potions of degeneration {unknown}
 q - a potion of magic {unknown}
 z - a potion of ambrosia {unknown}
 A - a potion of haste {unknown}
 B - a potion of might {unknown}
 E - a potion of cure mutation {unknown}
Books
 C - a book of the Tempests

   Spells                             Type                      Level
   a - Static Discharge               Conjuration/Air              3
   b - Lightning Bolt                 Conjuration/Air              5
   c - Fireball                       Conjuration/Fire             5
   d - Tornado                        Air                          9
   e - Shatter                        Earth                        9
Comestibles
 u - 4 bread rations


   Skills:
 - Level 1.8 Fighting
 - Level 2.0 Short Blades
 - Level 0.1 Polearms
 * Level 0.8(1.6) Slings
 - Level 2.2(2.4) Throwing
 - Level 1.0 Dodging
 * Level 7.2 Stealth


You had 4 spell levels left.
You didn't know any spells.

Dungeon Overview and Level Annotations

Branches:
Dungeon (4/15)
 Temple: D:4-7

Altars:
Fedhas
Kikubaaqudgha
Vehumet

Annotations:
D:4 Menkaure


Innate Abilities, Weirdness & Mutations

You have extremely sharp teeth.
Your natural rate of healing is unusually fast.
When hurt, damage is shared between your health and your magic reserves.
Your bite disrupts and absorbs the magic of your enemies.
Potions and wands cannot restore your health.
You are immune to rotting.


Message History

Menkaure is moderately damaged.
Menkaure breathes soot at you. Menkaure closely misses you.
You hit Menkaure.
Menkaure is heavily damaged.
You hit Menkaure. You bite Menkaure.
Menkaure's magic leaks into the air.
You drain his magic.
Menkaure is almost destroyed.
Menkaure falters for a moment.
You hit Menkaure but do no damage. You bite Menkaure.
Menkaure's magic leaks into the air.
You drain his magic.
Menkaure is almost destroyed.
Menkaure hits you!!
Ouch! That really hurt!
You hit Menkaure.
Menkaure is almost destroyed.
Menkaure hits you!!
Ouch! That really hurt!
You die...
Fedhas appreciates your contribution to the ecosystem.

#..........#
#..........########
#.......$..#......##
#..........#.......#
#..........+.......
#..........#......
#......M...#....# ###
#......@...#....####.###
#..........#............
#....).....'............
#..........#............
#..........#............
#..........#############
############


You could see Menkaure.

Vanquished Creatures
  A crimson imp (D:3)
  Terence (D:2)
  Robin (D:3)
  An adder (D:2)
  2 worms (D:2)
  2 dart slugs
  3 giant geckos
  5 bats
  A giant cockroach (D:1)
  12 goblins
  9 hobgoblins
  2 jackals (D:2)
  A quokka (D:3)
  9 kobolds
  2 rats (D:1)
52 creatures vanquished.

Vanquished Creatures (others)
  10 toadstools
10 creatures vanquished.

Grand Total: 62 creatures vanquished

Notes
Turn   | Place    | Note
--------------------------------------------------------------
     0 | D:1      | Legadrian the Vine Stalker Assassin began the quest for the Orb.
     0 | D:1      | Reached XP level 1. HP: 11/11 MP: 2/2
   105 | D:1      | Reached skill level 5 in Stealth
   187 | D:1      | Reached skill level 1 in Dodging
   634 | D:1      | Reached XP level 2. HP: 15/15 MP: 3/3
  1730 | D:2      | Reached XP level 3. HP: 18/18 MP: 4/4
  1957 | D:2      | Reached skill level 6 in Stealth
  2070 | D:2      | Noticed Terence
  2077 | D:2      | Killed Terence
  2077 | D:2      | Reached XP level 4. HP: 23/23 MP: 5/5
  2282 | D:3      | Noticed Robin
  2305 | D:3      | Killed Robin
  2477 | D:3      | Found a blossoming altar of Fedhas.
  2477 | D:3      | Found an ancient bone altar of Kikubaaqudgha.
  2511 | D:3      | Became a worshipper of Fedhas Madash
  2826 | D:3      | Found a radiant altar of Vehumet.
  2883 | D:3      | Reached skill level 7 in Stealth
  2883 | D:3      | Reached XP level 5. HP: 20/26 MP: 6/6
  3067 | D:4      | Noticed Menkaure
  3082 | D:4      | Slain by Menkaure

Skill      XL: |  1  2  3  4 |
---------------+-------------+-----
Stealth        | 5 6 7 |  7.2
Dodging        | 1 |  1.0
Throwing       | 2 |  2.2
Short Blades   | 2 |  2.0
Fighting       | |  1.8
Polearms       | |  0.1
Slings         | |  0.8

Action                   |  1- 3 |  4- 6 || total
-------------------------+-------+-------++-------
Melee: Dagger            |    39 |    21 ||    60
       Bite              |    22 |    26 ||    48
       Short sword       |    26 |       ||    26
       Blowgun           |     1 |       ||     1
       Trident           |       |    68 ||    68
 Fire: Blowgun           |     6 |       ||     6
       Hunting sling     |       |    13 ||    13
Throw: Stone             |     4 |       ||     4
  Use: Scroll            |     1 |     1 ||     2
       Potion            |     1 |       ||     1
 Stab: Sleeping          |     3 |     3 ||     6
  Eat: Bread ration      |     1 |     1 ||     2
Armor: Robe              |    15 |    14 ||    29
Dodge: Dodged            |    55 |    51 ||   106
